 Dungeon Crawl Stone Soup version 0.31-a0-986-g5e6e4ef867 (webtiles) character file.

Game seed: 14110932120266670467

15 wildpjah the Slasher (level 2, -1/22 HPs)
             Began as a Demonspawn Gladiator on Nov 22, 2023.
             Was a Follower of Lugonu.
             Slain by an adder (4 damage)
             ... on level 1 of the Dungeon.
             The game lasted 00:01:21 (693 turns).

wildpjah the Slasher (Demonspawn Gladiator)          Turns: 693, Time: 00:01:22

Health: -1/22      AC:  4    Str: 14    XL:     2   Next: 34%
Magic:  2/2        EV: 12    Int:  9    God:    Lugonu [*.....]
Gold:   55         SH:  0    Dex: 14    Spells: 1/1 levels left

rFire   . . .        a - +0 long sword
rCold   . . .        (no shield)
rNeg    . . .        b - +0 leather armour
rPois   .            c - +0 helmet
rElec   .            (no cloak)
rCorr   .            (no gloves)
SInv    .            (no boots)
Will    .....        k - amulet of magic regeneration
Stlth   +            (no ring)
HPRegen 0.23/turn    (no ring)
MPRegen 0.48/turn

%: no passive effects
@: lethally poisoned (-1 -> -2)
A: powered by pain 1
a: Renounce Religion, Depart the Abyss


You were on level 1 of the Dungeon.
You worshipped Lugonu.
Lugonu was aware of your devotion.
You visited 1 branch of the dungeon, and saw 2 of its levels.

You collected 55 gold pieces.

Inventory:

Hand Weapons
 a - a +0 long sword (weapon)
Missiles
 d - 3 throwing nets (quivered)
 e - a javelin
Armour
 b - a +0 leather armour (worn)
 c - a +0 helmet (worn)
Jewellery
 k - an amulet of magic regeneration (around neck)
Scrolls
 f - a scroll of immolation {unknown}
 g - 2 scrolls of teleportation {unknown}
 h - a scroll of blinking {unknown}
 j - a scroll of identify {unknown}
 l - a scroll of noise {unknown}
Potions
 i - a potion of curing {unknown}


   Skills:
 + Level 2.1 Fighting
 + Level 3.1 Long Blades
 + Level 1.8 Throwing
 + Level 3.0 Dodging


You had one spell level left.
You didn't know any spells.
Your spell library was empty.

Dungeon Overview and Level Annotations

Branches:
Dungeon (2/15)

Altars:
Lugonu

Shops:
D:1 !


Innate Abilities, Weirdness & Mutations

You sometimes gain a little power by taking damage.


Message History

No target in view!
Your library has no spells.
l - a scroll labelled VOLOSI QYARU
Found a ring mail.
You see here a +0 ring mail.
Things that are here:
a +0 dagger; a goblin skeleton Done exploring.
Done exploring.
There is a stone staircase leading down here.
You climb downwards.
Found 4 gold pieces, a scroll labelled ITWIEVOBAI and 5 boomerangs.
Found a stone staircase leading down.
There is a stone staircase leading up here.
The adder hisses angrily.
The adder misses you. The adder barely misses you.
You closely miss the adder. The adder bites you.
You are poisoned.
The adder poisons you!
You barely miss the adder.
You feel sick. The adder closely misses you. x2
You miss the adder.
You feel sick. The adder bites you.
You are more poisoned.
The adder poisons you!
You feel very sick. The adder attacks as it pursues you!
The adder bites you but does no damage. The adder misses you.
You feel sick.
There is a stone staircase leading up here.
* * * LOW HITPOINT WARNING * * *
You feel sick. The adder closely misses you.
You climb upwards.
You feel sick.
There is a stone staircase leading down here.
You slash the adder!
The adder is severely wounded.
* * * LOW HITPOINT WARNING * * *
You feel sick. The adder closely misses you. x2
You closely miss the adder.
The adder is severely wounded.
You feel sick. The adder bites you.
You die...

#.# #....# #.# #.#####.##.## #.#
#####.#.........# #.#
#####.........(.....# #.#
#######......##...........# #.#
.....##......##...........# #.#
.##...#....(.##...........# #.#
.##.......................# #.#
...............S@.........# #.#
.###.#....................# #.#
####.#...........#######.######.#
......#####.###.................#
............# #...######.########
.......########...#......#.....#
.........................#.###.#
########.######...#.####.#.# #.#
..................#.# #.#.# #.#


You could see an adder.

Vanquished Creatures
  2 dart slugs (D:1)
  2 goblins (D:1)
  2 hobgoblins (D:1)
  A bat (D:1)
  A frilled lizard (D:1)
  4 kobolds (D:1)
12 creatures vanquished.

Notes
Turn   | Place    | Note
-------+----------+-------------------------------------------
     0 | D:1      | wildpjah the Demonspawn Gladiator began the quest for the
                  | Orb.
     0 | D:1      | Reached XP level 1. HP: 16/16 MP: 1/1
   105 | D:1      | Found a faded altar of an unknown god.
   113 | D:1      | Prayed at the altar of an unknown god.
   113 | D:1      | Became a worshipper of Lugonu the Unformed
   113 | D:1      | Reached * piety under Lugonu
   132 | D:1      | Gained mutation: You sometimes gain a little power by
                  | taking damage. [demonic ancestry]
   132 | D:1      | Reached XP level 2. HP: 17/22 MP: 2/2
   368 | D:1      | Found Guxzo's Distillery.
   693 | D:1      | Slain by an adder

Illustrated notes

Levels and vault maps discovered:
D:1:      co_arrival_square_in_a_square_in_a_square, layout_basic,
          shapermc_ecumenical_altar_mp_highgroup, serial_shops, shop
D:2:      layout_basic, minmay_joined_circles, uniq_jessica, uniq_sigmund,
          uniq_terence

Skill      XL: |  1  2 |
---------------+-------+-----
Long Blades    | 3 |  3.1
Dodging        | 3 |  3.0
Fighting       | |  2.1
Throwing       | |  1.8

Action                     || total
---------------------------++-------
  Melee: Long sword        ||    41
 Armour: Leather armour    ||    24
  Dodge: Dodged            ||    29

Table legend: (Time is in decaauts)
 A = Elapsed time spent in this place.
 B = Non-inter-level travel time spent in this place.
 C = Inter-level travel time spent in this place.
 D = Time resting spent in this place.
 E = Time spent auto-exploring this place.
 F = Levels seen in this place.
 G = Mean time per level.
                   A        B        C        D        E       F      G
               +--------+--------+--------+--------+--------+-----+--------+
         Total |    703 |    692 |     11 |      0 |    573 |   2 |  351.5 |
       Dungeon |    703 |    692 |     11 |      0 |    573 |   2 |  351.5 |
               +--------+--------+--------+--------+--------+-----+--------+

Top non-repeatable levels by time:
     D:1: 693 daAuts
     D:2: 9 daAuts
